 Dungeon Crawl Stone Soup version 0.25-a0-842-g81a31cfd23 (webtiles) character file.

Game seed: 11402373187489219678, levelgen mode: deterministic

924 wullow the Shield-Bearer (level 7, -2/55 HPs)
             Began as a Demonspawn Fighter on Apr 24, 2020.
             Was a Follower of Sif Muna.
             Slain by a killer bee (5 damage)
             ... on level 5 of the Dungeon.
             The game lasted 00:13:24 (4816 turns).

wullow the Shield-Bearer (Demonspawn Fighter)       Turns: 4816, Time: 00:13:24

Health: -2/55      AC:  6    Str: 16    XL:     7   Next: 84%
Magic:  0/3        EV:  8    Int: 12    God:    Sif Muna [*.....]
Gold:   281        SH: 11    Dex: 13    Spells: 6/6 levels left

rFire    + . .     SeeInvis .   w - +11 dagger "Demonbane" {antimagic, +Inv rF+ Dex-4}
rCold    . . .     Gourm    .   c - +1 kite shield
rNeg     . . .     Faith    .   b - +0 scale mail
rPois    .         Spirit   +   (no helmet)
rElec    .         Reflect  .   (no cloak)
rCorr    .         Harm     .   (no gloves)
MR       .....                  (no boots)
Stlth    ..........             C - amulet of regeneration
HPRegen  0.58/turn              l - +3 ring of intelligence
MPRegen  0.08/turn              (no ring)

@: lethally poisoned (-2 -> -10), about to teleport, very slightly contaminated,
studying Dodging
A: thin skeletal structure 1, magic shield
a: Channel Magic, Renounce Religion, Evoke Invisibility


You were on level 5 of the Dungeon.
You worshipped Sif Muna.
Sif Muna was aware of your devotion.
You were near starving.

You visited 2 branches of the dungeon, and saw 7 of its levels.

You collected 281 gold pieces.

Inventory:

Hand Weapons
 a - a +1 rapier
 k - a +0 dagger
 w - the +11 dagger "Demonbane" (weapon) {antimagic, +Inv rF+ Dex-4}
   (You found it on level 4 of the Dungeon)

   It reduces the magical energy of the wielder, and disrupts the spells and
   magical abilities of those hit.
   Natural abilities and divine invocations are not affected.
   It affects your dexterity (-4).
   It protects you from fire.
   It lets you turn invisible.
Missiles
 i - 149 stones (quivered)
 o - 69 arrows
Armour
 b - a +0 scale mail (worn)
 c - a +1 kite shield (worn)
Jewellery
 l - a +3 ring of intelligence (left hand)
 C - an amulet of regeneration (around neck)
Wands
 v - a wand of paralysis (9)
 y - a wand of enslavement (9)
Scrolls
 e - a scroll of immolation
 h - 8 scrolls of teleportation
 j - a scroll of identify
 m - 2 scrolls of enchant armour
 s - 3 scrolls of noise {unknown}
 x - 2 scrolls of remove curse {unknown}
 B - a scroll of holy word {unknown}
 D - a scroll of fear {unknown}
Potions
 d - 2 potions of might
 r - 3 potions of degeneration
 t - 2 potions of haste
 u - a potion of lignification
 z - a potion of flight
Books
 g - a manual of Dodging
Comestibles
 f - 10 rations


   Skills:
 + Level 4.6 Fighting
 * Level 5.0 Short Blades
 - Level 3.0 Armour
 + Level 1.7 Dodging
 * Level 5.5 Shields
 + Level 3.4 Invocations


You had 6 spell levels left.
You didn't know any spells.
Your spell library was empty.

Dungeon Overview and Level Annotations

Branches:
Dungeon (6/15)             Temple (1/1) D:4

Altars:
Ashenzari
Dithmenos
Fedhas
Makhleb
Nemelex Xobeh
Qazlal
Ru
Sif Muna
Trog
Uskayaw
Vehumet
Xom
Yredelemnul
Zin
The Shining One

Shops:
D:6 =


Innate Abilities, Weirdness & Mutations

You have a somewhat thin skeletal structure. (Dex +2, Stealth)
When hurt, damage is shared between your health and your magic reserves.


Message History

The killer bee stings you but does no damage.
You miss the killer bee.
The killer bee is moderately wounded.
* * * LOW HITPOINT WARNING * * *
You feel sick. You block the killer bee's attack. The killer bee stings you.
* * * LOW HITPOINT WARNING * * *
You are more poisoned.
The killer bee poisons you! You block the killer bee's attack.
You hit the killer bee.
The killer bee is moderately wounded.
* * * LOW HITPOINT WARNING * * *
You feel sick. You block the killer bee's attack.
The killer bee stings you but does no damage.
The killer bee barely misses you.
Unknown command.
You hit the killer bee.
The killer bee is severely wounded.
* * * LOW HITPOINT WARNING * * *
You feel sick. You block the killer bee's attack. The killer bee stings you.
You die...

##########
######################
.........#
#.....................
########.#
#.#.#########.#######.
#.###.#.# #.# #.
#.##....####### #.# #.
#.......y@y...###.# #.
#.##...###.....##.#######.
#.###.###..........)......
########.###.#
#.......#..####...
#.........##.###.......#..#
#...
#.######.###...(..........#
#... #.# ###
#######........####... #.#
#..##........... #.#
#..##...#####.#.


You could see 2 killer bees.

Vanquished Creatures
  2 phantoms
  3 ogres
  A scorpion (D:4)
  2 howler monkeys (D:4)
  A bullfrog skeleton (D:4)
  A centaur skeleton (D:5)
  An orc priest (D:3)
  An iguana (D:5)
  4 worker ants
  A hound zombie (D:5)
  A howler monkey skeleton (D:4)
  8 adders
  An ooze (D:2)
  A worm (D:2)
  A leopard gecko (D:1)
  3 orcs
  2 ball pythons
  8 bats
  6 giant cockroaches
  5 hobgoblins
  3 quokkas
  A frilled lizard (D:3)
  13 goblins
  5 kobolds
  6 rats
81 creatures vanquished.

Notes
Turn   | Place    | Note
-------+----------+-------------------------------------------
     0 | D:1      | wullow the Demonspawn Fighter began the quest for the Orb.
     0 | D:1      | Reached XP level 1. HP: 18/18 MP: 1/1
   306 | D:1      | You fall into a shaft and drop 1 floor!
   329 | D:1      | Gained mutation: When hurt, damage is shared between your
                  | health and your magic reserves. [demonic ancestry]
   329 | D:1      | Reached XP level 2. HP: 24/24 MP: 2/2
   634 | D:2      | Reached XP level 3. HP: 22/29 MP: 3/3
  1243 | D:2      | Noticed a phantom
  1248 | D:2      | Reached XP level 4. HP: 31/35 MP: 4/4
  1318 | D:2      | Killed a phantom
  1318 | D:2      | Reached XP level 5. HP: 12/42 MP: 3/5
  1648 | D:2      | Found a blossoming altar of Fedhas.
  1750 | D:3      | You fall into a shaft and drop 1 floor!
  1788 | D:4      | Found a staircase to the Ecumenical Temple.
  1807 | Temple   | Entered the Ecumenical Temple
  1926 | Temple   | Became a worshipper of Sif Muna the Loreminder
  1979 | D:3      | Found a sacrificial altar of Ru.
  2431 | D:3      | Found a glowing golden altar of the Shining One.
  2621 | D:3      | Reached skill level 1 in Invocations
  2782 | D:4      | Reached * piety under Sif Muna
  2782 | D:4      | Gained mutation: You have a somewhat thin skeletal
                  | structure. (Dex +2, Stealth) [demonic ancestry]
  2782 | D:4      | Reached XP level 6. HP: 21/48 MP: 2/6
  2936 | D:4      | Found a shadowy altar of Dithmenos.
  3278 | D:4      | Found a sparkling altar of Nemelex Xobeh.
  3406 | D:4      | Reached XP level 7. HP: 29/54 MP: 5/8
  3415 | D:4      | Reached skill level 5 in Shields
  3786 | D:4      | Got a fine dagger
  3787 | D:4      | Identified the +11 dagger "Demonbane" {antimagic, +Inv rF+
                  | Dex-4} (You found it on level 4 of the Dungeon)
  3869 | D:4      | Found a bloodstained altar of Trog.
  3928 | D:5      | Entered Level 5 of the Dungeon
  3928 | D:5      | Found a stormy altar of Qazlal.
  4036 | D:5      | Found a stormy altar of Qazlal.
  4195 | D:5      | Reached skill level 1 in Dodging
  4552 | D:5      | Reached skill level 5 in Short Blades
  4791 | D:6      | Found Tuatig's Jewellery Shoppe.
  4816 | D:5      | Slain by a killer bee

Levels and vault maps discovered:
D:1:      eino_arrival_tree_alley, layout_basic, serial_bayou_lagoon_a
D:2:      layout_rooms, fedhas_altar_1
D:3:      layout_rooms, nicolae_ru_sacrificial_ziggurat, lemuel_doored_altar,
          gup_sewer_entry_glass
D:4:      layout_rooms, nemelex_altar_shiori, kennysheep_mini,
          kennysheep_mini_moat, minmay_temple_entry_grid, first_ration,
          minmay_manual_macuahuitl
D:5:      layout_loops_ring, overflow_temple_1_default, basic_altar
D:6:      cheibrodos_fzero, layout_loops_corners, marbit_many_paths,
          serial_shops, shop, minmay_statues_item, uniq_sigmund
Temple:   nicolae_temple_figure_zero

Skill      XL: |  1  2  3  4  5  6  7 |
---------------+----------------------+-----
Short Blades   | 2 3 4 5 |  5.0
Shields        | 3 4 5 |  5.5
Armour         | 3 |  3.0
Invocations    | 1 2 3 |  3.4
Fighting       | 4 |  4.6
Dodging        | 1 |  1.7

Action                   |  1- 3 |  4- 6 |  7- 9 || total
-------------------------+-------+-------+-------++-------
Melee: Rapier            |   122 |   246 |    19 ||   387
       Dagger            |       |       |    54 ||    54
  Use: Potion            |       |     3 |       ||     3
       Scroll            |       |       |    11 ||    11
  Eat: Chunk             |     1 |     3 |     4 ||     8
       Ration            |       |     1 |       ||     1
Armor: Scale mail        |    54 |    86 |    23 ||   163
Dodge: Dodged            |    20 |    59 |    24 ||   103
Block: Kite shield       |    57 |   122 |    34 ||   213

Table legend:
 A = Non-vault XP
 B = Vault XP
 C = Vault XP percentage of total XP
 D = Non-vault monster count
 E = Vault monster count
 F = Vault count percentage of total count
                 A         B        C        D         E       F
            +---------+---------+-------+---------+---------+-------
      Total |    1012 |     308 |  23.3 |      73 |       8 |   9.9
            +---------+---------+-------+---------+---------+-------
        D:1 |      28 |       0 |   0.0 |      18 |       0 |   0.0
        D:2 |     222 |       0 |   0.0 |      24 |       0 |   0.0
        D:3 |      75 |      28 |  27.2 |      16 |       3 |  15.8
        D:4 |     293 |     280 |  48.9 |       7 |       5 |  41.7
        D:5 |     394 |       0 |   0.0 |       8 |       0 |   0.0
            +---------+---------+-------+---------+---------+-------
